 Dungeon Crawl Stone Soup version 0.29.1-2-gbd0b4ee654 (webtiles) character file.

Game seed: 15184444357654928569

10 safid the Shooter (level 2, -4/26 HPs)
             Began as a Minotaur Hunter on Nov 4, 2022.
             Slain by Natasha (5 damage)
             ... on level 2 of the Dungeon.
             The game lasted 00:00:32 (589 turns).

safid the Shooter (Minotaur Hunter)                  Turns: 589, Time: 00:00:33

Health: -4/26      AC:  3    Str: 15    XL:     2   Next: 10%
Magic:  1/1        EV: 12    Int:  6    God:
Gold:   29         SH:  0    Dex: 13    Spells: 1/1 levels left

rFire   . . .      SeeInvis .   a - +0 shortbow
rCold   . . .      Faith    .   (shield currently unavailable)
rNeg    . . .      Spirit   .   c - +0 leather armour
rPois   .          Reflect  .   (helmet restricted)
rElec   .          Harm     .   (no cloak)
rCorr   +          Rampage  .   (no gloves)
Will    .....                   (no boots)
Stlth   +.........              (no amulet)
HPRegen 0.08/turn               e - ring of resist corrosion
MPRegen 0.07/turn               (no ring)

@: no status effects
A: horns 2, retaliatory headbutt
a: no special abilities


You were on level 2 of the Dungeon.
You visited 1 branch of the dungeon, and saw 2 of its levels.

You collected 29 gold pieces.

Inventory:

Hand Weapons
 a - a +0 shortbow (weapon)
Armour
 c - a +0 leather armour (worn)
Jewellery
 e - a ring of resist corrosion (left hand)
Scrolls
 b - 2 scrolls of immolation
 d - a scroll of summoning {unknown}
 f - a scroll of teleportation {unknown}
 g - a scroll of blinking {unknown}
Potions
 h - a potion of berserk rage {unknown}


   Skills:
 + Level 3.0 Fighting
 + Level 4.7 Ranged Weapons
 - Level 2.1 Dodging
 - Level 0.7 Stealth


You had one spell level left.
You didn't know any spells.
Your spell library contained the following spells:

 Spells                   Type           Power      Damage    Failure   Level
 Sting                    Tmut/Pois      0%         1d3       52%         1
 Poisonous Vapours        Pois/Air       0%         N/A       67%         2
 Olgreb's Toxic Radiance  Pois           0%         N/A       99%         4


Dungeon Overview and Level Annotations

Branches:
Dungeon (2/15)

Altars:

Annotations:
D:2 Natasha


Innate Abilities, Weirdness & Mutations

You have a pair of horns on your head.
You reflexively headbutt those who attack you in melee.


Message History

(D) Dungeon
Where to? (? - help)
There is a stone staircase leading down here.
You climb downwards.
Natasha hisses angrily.
The goblin shouts!
You hear a shout!
Found a ring mail.
There is a stone staircase leading up here.
There are monsters nearby!
You shoot an arrow. The arrow closely misses the bat.
The bat hits you but does no damage.
You shoot an arrow. The arrow hits the bat.
You kill the bat!
Natasha claws you.
You shoot an arrow. The arrow closely misses Natasha.
The goblin closely misses you.
Natasha stares at you and mumbles some strange words.
The magic dart hits you!
You are too injured to fight recklessly!
You are too injured to fight recklessly!
Unknown command.
Fire: a) +0 shortbow
Press: ? - help, Q - select action Shift-Dir - straight line, f/p - Natasha
Aim: Natasha (53% to hit)
You shoot an arrow. The arrow completely misses Natasha.
The goblin misses you. Natasha claws you. The goblin hits you with a +0 dagger.
* * * LOW HITPOINT WARNING * * *
Fire: a) +0 shortbow
Press: ? - help, Q - select action Shift-Dir - straight line, f/p - Natasha
Aim: Natasha (53% to hit)
You shoot an arrow. The arrow barely misses Natasha.
Natasha casts a spell at you. The magic dart hits you.
* * * LOW HITPOINT WARNING * * *
The goblin hits you but does no damage.
Fire: a) +0 shortbow
Press: ? - help, Q - select action Shift-Dir - straight line, f/p - Natasha
Aim: Natasha (53% to hit)
You shoot an arrow. The arrow barely misses Natasha.
Natasha claws you.
You die...

....# .
...#. # #
...#[.###
#.........
.#..#..#
..... #gh#
#@.# #.†#
...# .....
....###
.....#
####.## #.


You could see Natasha and a goblin.

Vanquished Creatures
  A bat (D:2)
  An endoplasm (D:1)
  A giant cockroach (D:1)
  2 goblins (D:1)
  A hobgoblin (D:1)
  A kobold (D:1)
  A rat (D:1)
8 creatures vanquished.

Notes
Turn   | Place    | Note
-------+----------+-------------------------------------------
     0 | D:1      | safid the Minotaur Hunter began the quest for the Orb.
     0 | D:1      | Reached XP level 1. HP: 18/18 MP: 0/0
   341 | D:1      | Reached XP level 2. HP: 26/26 MP: 1/1
   583 | D:2      | Noticed Natasha
   588 | D:2      | HP: 1/26 [Natasha/magic dart (5)]
   589 | D:2      | Slain by Natasha

Illustrated notes

Levels and vault maps discovered:
D:1:      wander_arrival_lonely_grave, layout_basic, dreamdust_princess_corridor
D:2:      wad_pebble_path, layout_loops_ring, uniq_natasha

Skill      XL: |  1 |
---------------+----+-----
Fighting       | 3 |  3.0
Ranged Weapons | |  4.7
Dodging        | |  2.1
Stealth        | |  0.7

Action                   || total
-------------------------++-------
 Fire: Shortbow          ||    24
Armor: Leather armour    ||     3
Dodge: Dodged            ||     6
